 Dungeon Crawl Stone Soup version 0.19-a0-1587-gaef70b6 (webtiles) character file.

58 jacquesderrida the Skirmisher (level 4, -4/24 HPs)
             Began as a Vine Stalker Wanderer on Sept 16, 2016.
             Was an Initiate of Ashenzari.
             Killed by divine providence
             ... invoked by an orc priest
              (8 damage)
             ... on level 4 of the Dungeon.
             The game lasted 00:03:50 (508 turns).

jacquesderrida the Skirmisher (VSWn)                 Turns: 508, Time: 00:03:51

Health: -4/24      AC:  5    Str: 17    XL:     4   Next: 1%
Magic:  0/6        EV: 10    Int: 12    God:    Ashenzari [......]
Gold:   40         SH:  0    Dex: 12    Spells: 0 memorised, 5 levels left

rFire  . . .     SeeInvis .     a - +2 quarterstaff
rCold  . . .     Gourm    .     g - +0 ring mail
rNeg   . . .     Faith    .     (shield currently unavailable)
rPois  .         Spirit   +     (no helmet)
rElec  .         Dismiss  .     (no cloak)
rCorr  .         Reflect  .     (no gloves)
MR     .....     Harm     .     (no boots)
Stlth  +.........               (no amulet)
                                (no ring)
                                (no ring)

@: no status effects
A: fangs 2, regeneration 1, magic shield, antimagic bite, no device heal 3, rot
immunity
a: Curse Item, Renounce Religion


You were on level 4 of the Dungeon.
You worshipped Ashenzari.
Ashenzari was noncommittal.
You were not hungry.

You visited 1 branch of the dungeon, and saw 4 of its levels.

You collected 40 gold pieces.

Inventory:

Hand Weapons
 a - a +2 quarterstaff (weapon)
 d - a +0 dagger
 e - a +0 blowgun
Armour
 c - a +0 robe
 g - a +0 ring mail (worn)
 i - a +0 chain mail
Scrolls
 h - a scroll of amnesia {unknown}
 j - a scroll of teleportation {unknown}
 k - a scroll of remove curse
 l - a scroll of noise {unknown}
Potions
 n - a potion of might {unknown}
Books
 b - the Disquisition on Orientation

   Spells                             Type                      Level
   a - Apportation                    Translocation                1
   b - Teleport Other                 Translocation                3
Comestibles
 f - 2 bread rations
 m - 2 chunks of flesh


   Skills:
 + Level 3.3 Fighting
 - Level 2.6 Staves
 - Level 1.0 Dodging
 - Level 2.4 Stealth
 - Level 1.1 Spellcasting
   Level 1.0 Summonings
   Level 1.0 Translocations


You had 5 spell levels left.
You didn't know any spells.

Dungeon Overview and Level Annotations

Branches:
Dungeon (4/15)
 Temple: D:4-7

Altars:
Ashenzari


Innate Abilities, Weirdness & Mutations

You have extremely sharp teeth.
Your natural rate of healing is unusually fast.
When hurt, damage is shared between your health and your magic reserves.
Your bite disrupts and absorbs the magic of your enemies.
Potions and wands cannot restore your health.
You are immune to rotting.


Message History

The orc hits you but does no damage. The orc wizard hits you with a dagger.
* * * LOW HITPOINT WARNING * * *
The orc closely misses you.
You thump the orc wizard!
You kill the orc wizard!
Your Fighting skill increases to level 3!
You have reached level 4!
You feel stronger.
You begin to heal more quickly.
The orc hits you but does no damage.
The orc wizard mumbles some strange words.
The orc wizard flickers and vanishes!
Deactivating autopickup; reactivate with Ctrl-A.
The orc hits you from afar with a trident!
* * * LOW HITPOINT WARNING * * *
There is a stone staircase leading down here.
The orc barely misses you.
The orc priest calls down the wrath of Beogh upon you.
Beogh smites you!
You die...

..# .# ... ..###
##. #..# #...###.#
#. #..# #......#
#.. #..###.....##
#..# #...##......#
#..#
#..........#####..#
#....o@....##...#
#...)..........#
#..............#
##.o.....###....##
########.o...####
###...#
..............#
#...##
...........##.#
##...##
...........# ..#
##<..# .....>.....#
#.# #...#


You could see an orc priest and 2 orcs.

Vanquished Creatures
  An orc wizard (D:4)
  An adder (D:3)
  A dart slug (D:3)
  An orc (D:3)
  A bat (D:3)
  A giant cockroach (D:3)
  2 goblins (D:3)
  3 hobgoblins (D:3)
  2 kobolds (D:3)
  A quokka (D:2)
  A leopard gecko skeleton (D:4)
  A rat (D:3)
16 creatures vanquished.

Notes
Turn   | Place    | Note
-------+----------+-------------------------------------------
     0 | D:1      | jacquesderrida the Vine Stalker Wanderer began the quest for the Orb.
     0 | D:1      | jacquesderrida set off with: a +2 quarterstaff, the Disquisition on Orientation, a +0 robe, a +0 dagger, a bread ration
     0 | D:1      | Reached XP level 1. HP: 10/10 MP: 3/3
    62 | D:2      | Found a shattered altar of Ashenzari.
    70 | D:2      | Became a worshipper of Ashenzari the Shackled
   253 | D:3      | Reached XP level 2. HP: 3/15 MP: 4/4
   318 | D:3      | Reached skill level 2 in Fighting
   435 | D:3      | Reached XP level 3. HP: 13/19 MP: 3/5
   505 | D:4      | Reached skill level 3 in Fighting
   505 | D:4      | Gained mutation: Your natural rate of healing is unusually fast. [Vine Stalker growth]
   505 | D:4      | Reached XP level 4. HP: 6/24 MP: 4/6
   508 | D:4      | Killed from afar by an orc priest

Vault maps used:
D:1:      sevenhm_arrival_forest_fort_small_3
D:2:      overflow_temple_1_default
D:3:      first_bread, kennysheep_generic_room_13, uniq_robin
D:4:      minivault_24, roderic_batcave, guppyfry_early_orc_mine

Skill      XL: |  1  2  3 |
---------------+----------+-----
Fighting       | 2 3 |  3.3
Staves         | |  2.6
Dodging        | |  1.0
Stealth        | |  2.4
Spellcasting   | |  1.1
Summonings     | |  1.0
Translocations | |  1.0

Action                   |  1- 3 |  4- 6 || total
-------------------------+-------+-------++-------
Melee: Quarterstaff      |    41 |       ||    41
       Bite              |    11 |       ||    11
 Stab: Sleeping          |     2 |       ||     2
Armor: Ring mail         |    25 |     1 ||    26
Dodge: Dodged            |    26 |     1 ||    27
